 Dungeon Crawl Stone Soup version 0.31-a0-1074-g0b22e4e0f1 (webtiles) character file.

Game seed: 7732899609118936219

176 tbh1313 the Shield-Bearer (level 5, -2/32 HPs)
             Began as a Gargoyle Fighter on Dec 8, 2023.
             Killed by divine providence
             ... invoked by an orc priest
              (12 damage)
             ... on level 4 of the Dungeon.
             The game lasted 00:07:29 (2927 turns).

tbh1313 the Shield-Bearer (Gargoyle Fighter)        Turns: 2927, Time: 00:07:30

Health: -2/32      AC: 16    Str: 27    XL:     5   Next: 56%
Magic:  5/5        EV:  8    Int:  9    God:
Gold:   158        SH:  5    Dex:  5    Spells: 4/4 levels left

rFire   . . .        a - +1 flail
rCold   . . .        c - +1 buckler
rNeg    + . .        k - +0 chain mail
rPois   ∞            i - +0 helmet
rElec   +            (no cloak)
rCorr   .            m - +1 pair of gloves of Oblivion {+Blink Str+6 Dex-4}
SInv    .            (no boots)
Will    .....        (no amulet) Stlth
                     (no ring)
HPRegen 0.25/turn    (no ring)
MPRegen 0.09/turn

%: no passive effects
@: mighty
A: sickness immunity, AC +4, negative energy resistance 1, electricity
resistance, torment resistance 1, petrification resistance
a: Evoke Blink


You were on level 4 of the Dungeon.
You visited 1 branch of the dungeon, and saw 4 of its levels.

You collected 158 gold pieces.

Inventory:

Hand Weapons
 a - a +1 flail (weapon)
 r - a +0 morningstar
Armour
 b - a +0 scale mail
 c - a +1 buckler (worn)
 i - a +0 helmet (worn)
 k - a +0 chain mail (worn)
 m - the +1 pair of gloves of Oblivion (worn) {+Blink Str+6 Dex-4}
   (You found it on level 3 of the Dungeon)

   Str+6:     It affects your strength (+6).
   Dex-4:     It affects your dexterity (-4).
   +Blink:    It lets you blink.
Jewellery
 s - a ring of willpower
 v - an amulet of faith
Wands
 j - a wand of quicksilver (8)
Scrolls
 e - 2 scrolls of vulnerability
 q - 2 scrolls of fear
Potions
 d - 2 potions of might
 f - 2 potions of brilliance
 g - a potion of berserk rage {unknown}
 h - 2 potions of curing
 l - a potion of heal wounds {unknown}
 n - a potion of mutation {unknown}
 o - a potion of lignification {unknown}
 p - 2 potions of invisibility {unknown}
 t - a potion of enlightenment {unknown}
 u - 2 potions of experience {unknown}


   Skills:
 - Level 3.2 Fighting
 * Level 4.5 Maces & Flails
 - Level 3.2 Armour
 + Level 4.5 Shields
 + Level 1.0 Evocations


You had 4 spell levels left.
You didn't know any spells.
Your spell library contained the following spells:

 Spells                   Type           Power      Damage    Failure   Level
 Ensorcelled Hibernation  Hex/Ice        0%         N/A       98%         2
 Passwall                 Tmut/Erth      0%         N/A       98%         2
 Stone Arrow              Conj/Erth      0%         3d7       100%        3
 Swiftness                Air            0%         N/A       100%        3
 Animate Armour           Summ/Erth      0%         N/A       100%        4
 Lehudib's Crystal Spear  Conj/Erth      0%         10d2      100%        8


Dungeon Overview and Level Annotations

Branches:
Dungeon (4/15)
 Temple: D:4-7

Altars:
Gozag
Trog
Zin

Shops:
D:3 *


Innate Abilities, Weirdness & Mutations

You are immune to sickness and miasma.
Your stone body is resilient. (AC +4)
You are immune to poison.
You resist negative energy. (rN+)
You are resistant to electric shocks. (rElec)
You are resistant to unholy torment.
You are immune to petrification.


Message History

The orc priest moves out of view.
What level of the Dungeon? (default 3, ? - help)
An orc comes into view. It is wielding a +0 flail.
An endoplasm comes into view.
A dart slug comes into view.
Found a long sword.
The endoplasm quivers.
The dart slug moves out of view.
An orc comes into view. It is wielding a +0 dagger.
The orc shouts!
You hit the orc priest.
The orc priest is moderately wounded.
The orc hits you with a +0 flail! You block the endoplasm's attack.
The orc priest looks braver for a moment.
The dart slug barely misses you.
You are too injured to fight recklessly!
You are too injured to fight recklessly!
You are too injured to fight recklessly!
You are too injured to fight recklessly!
You are too injured to fight recklessly!
You are too injured to fight recklessly!
You are too injured to fight recklessly!
You are too injured to fight recklessly!
You are too injured to fight recklessly!
You are too injured to fight recklessly!
You are too injured to fight recklessly!
You sock the orc priest!
The orc priest is almost dead.
The orc priest calls down the wrath of Beogh upon you.
Beogh smites you!
* * * LOW HITPOINT WARNING * * *
The endoplasm hits you but does no damage.
The orc closely misses you.
You feel very mighty all of a sudden. The orc hits you with a +0 flail.
* * * LOW HITPOINT WARNING * * *
You block the endoplasm's attack.
The orc priest calls down the wrath of Beogh upon you.
Beogh smites you!
You die...

#.#......................###.....
####.....#.......#...............
#.........##.##...............
###..........##..........#....
##..........#..........#....
...................###....
.............#### .....
#..####.....#....###....
#.....J@#####..#........
...##.oow# #..##........ #...o.#
#..##........
#......#..###........ ##.....#$.
#.....### ..)....#. ....#.##..
#.###..##.....####... .. #..
.#..#####.# ...# #.. #.>..#


You could see an orc priest, a dart slug, 2 orcs and an endoplasm.

Levels and vault maps discovered:
D:1:      eino_arrival_cavern_e, layout_basic,
          hellmonk_ecumenical_altar_watching_god
D:2:      layout_basic, basic_altar, minivault_14, uniq_terence
D:3:      layout_loops_corners, grunt_temple_overflow_gold_and_silver,
          serial_undead, serial_undead_e, serial_undead_e, serial_undead_c,
          serial_undead_a, serial_shops, nicolae_shop_waterfront,
          nicolae_figureground_sparkle
D:4:      layout_cave_pools, lemuel_doored_altar, hellmonk_sif_muna_bookshelves

Notes
Turn   | Place    | Note
-------+----------+-------------------------------------------
     0 | D:1      | tbh1313 the Gargoyle Fighter began the quest for the Orb.
     0 | D:1      | Reached XP level 1. HP: 14/14 MP: 1/1
   190 | D:1      | Noticed an eye of devastation
   192 | D:1      | Found a faded altar of an unknown god.
   206 | D:1      | Noticed a great orb of eyes
   210 | D:1      | Noticed an eye of devastation
   210 | D:1      | Noticed a shining eye
   240 | D:1      | Reached XP level 2. HP: 15/19 MP: 2/2
   862 | D:2      | Reached XP level 3. HP: 21/23 MP: 3/3
  1020 | D:2      | Found a bloodstained altar of Trog.
  1112 | D:2      | Reached XP level 4. HP: 28/28 MP: 4/4
  1138 | D:2      | Noticed Terence
  1154 | D:2      | Killed Terence
  1631 | D:3      | Found an opulent altar of Gozag.
  1631 | D:3      | Found a glowing silver altar of Zin.
  1757 | D:3      | Identified the +1 pair of gloves of Oblivion {+Blink Str+6
                  | Dex-4}
  1925 | D:3      | Reached XP level 5. HP: 32/32 MP: 5/5
  2017 | D:3      | Found Ywieff's Assorted Antiques.
  2885 | D:4      | Reached skill level 1 in Evocations
  2927 | D:4      | Killed from afar by an orc priest

Table legend: (Time is in decaauts)
 A = Elapsed time spent in this place.
 B = Non-inter-level travel time spent in this place.
 C = Inter-level travel time spent in this place.
 D = Time resting spent in this place.
 E = Time spent auto-exploring this place.
 F = Levels seen in this place.
 G = Mean time per level.
                   A        B        C        D        E       F      G
               +--------+--------+--------+--------+--------+-----+--------+
         Total |   2987 |   2844 |    143 |    136 |   2171 |   4 |  746.8 |
       Dungeon |   2987 |   2844 |    143 |    136 |   2171 |   4 |  746.8 |
               +--------+--------+--------+--------+--------+-----+--------+

Top non-repeatable levels by time:
     D:3: 1111 daAuts
     D:1: 818 daAuts
     D:2: 813 daAuts
     D:4: 244 daAuts

Table legend:
 A = Kills in this place as a percentage of kills in the entire game.
 B = Kills by you in this place as a percentage of kills by you in the entire game.
 C = Kills by friends in this place as a percentage of kills by friends in the entire game.
 D = Other kills in this place as a percentage of other kills in the entire game.
 E = Experience gained in this place as a percentage of experience gained in the entire game.
 F = Experience gained in this place divided by the number of levels of this place that you have seen.
                   A       B       C       D       E      F
               +-------+-------+-------+-------+-------+----------------------
         Total | 100.0 | 100.0 |   N/A |   N/A | 100.0 |  63.0
       Dungeon | 100.0 | 100.0 |   N/A |   N/A | 100.0 |  63.0
               +-------+-------+-------+-------+-------+----------------------

Action                     |  1- 3 |  4- 6 || total
---------------------------+-------+-------++-------
  Melee: Flail             |   114 |   116 ||   230
    Use: Scroll            |     4 |     6 ||    10
         Potion            |       |     1 ||     1
 Armour: Scale mail        |    98 |    12 ||   110
         Chain mail        |       |    73 ||    73
  Dodge: Dodged            |    71 |    52 ||   123
  Block: Buckler           |    31 |    28 ||    59

Vanquished Creatures
  A jelly (D:4)
  Terence (D:2)
  A howler monkey zombie (D:3)
  3 adders
  An adder skeleton (D:3)
  A worm (D:2)
  2 dart slugs
  8 orcs
  6 endoplasms
  4 giant cockroaches
  4 goblins
  4 hobgoblins (D:2)
  4 jackals (D:1)
  6 kobolds
  3 quokkas
  2 ball pythons
  A ball python zombie (D:3)
  5 bats
  A frilled lizard (D:2)
  3 rats
61 creatures vanquished.
